 Dungeon Crawl Stone Soup version 0.21.1-1-g345015f (webtiles) character file.

5432 shitimlost the Covert (level 10, 0/77 HPs)
             Began as a Vampire Assassin on Feb 19, 2018.
             Was a Priest of Uskayaw.
             Slain by a yak (10 damage)
             ... on level 9 of the Dungeon.
             The game lasted 00:33:59 (17217 turns).

shitimlost the Covert (Vampire Assassin)           Turns: 17217, Time: 00:33:59

Health: 0/77       AC:  7    Str: 15    XL:     10   Next: 40%
Magic:  2/10       EV: 17    Int: 14    God:    Uskayaw [***...]
Gold:   324        SH:  0    Dex: 16    Spells: 9/9 levels left

rFire    + . .     SeeInvis +   a - +4 dagger (venom)
rCold    . . .     Gourm    .   (no shield)
rNeg     + . .     Faith    .   z - +1 leather armour {rF+}
rPois    .         Spirit   .   (helmet restricted)
rElec    .         Reflect  .   d - +1 cloak
rCorr    .         Harm     .   s - +0 pair of gloves
MR       ++...     Clarity  +   (no boots)
Stlth    ++++++....             (no amulet)
HPRegen  0.22/turn              G - ring of stealth
MPRegen  0.12/turn              p - ring of protection from magic

@: no status effects
A: fangs 3, horns 1, see invisible, clarity, strong 1, unbreathing
a: Bat Form, Stomp, Line Pass, Renounce Religion


You were on level 9 of the Dungeon.
You worshipped Uskayaw.
Uskayaw was noncommittal.
You were not thirsty.

You visited 2 branches of the dungeon, and saw 10 of its levels.
You also visited: Sewer.

You collected 324 gold pieces.

Inventory:

Hand Weapons
 a - a +4 dagger of venom (weapon)
 b - a +2 blowgun
 I - the +4 hunting sling of Conversion {venom, MR+ Str+3}
   (You found it on level 8 of the Dungeon)

   It poisons the ammo it fires.
   It affects your strength (+3).
   It affects your resistance to hostile enchantments.
Missiles
 e - 86 poisoned needles
 f - 2 curare-tipped needles
 h - 343 stones
 j - 6 needles of confusion
 r - 70 sling bullets
 v - 9 tomahawks (quivered)
 J - a throwing net
Armour
 c - a +0 robe
 d - a +1 cloak (worn)
 s - a +0 pair of gloves (worn)
 z - a +1 leather armour of fire resistance (worn)
Jewellery
 p - a ring of protection from magic (right hand)
 G - a ring of stealth (left hand)
Wands
 u - a wand of digging (13)
 x - a wand of acid (16)
 H - a wand of disintegration (19)
Scrolls
 i - 3 scrolls of identify
 l - 5 scrolls of remove curse
 n - 5 scrolls of teleportation
 y - 2 scrolls of enchant armour
 A - 2 scrolls of magic mapping
 B - a scroll of fog
 F - 2 scrolls of enchant weapon
 M - a scroll of blinking
Potions
 g - 5 potions of blood
 k - 2 potions of magic
 o - 6 potions of curing
 q - 2 potions of lignification
 t - a potion of haste
 C - 5 potions of heal wounds
 D - a potion of brilliance
Books
 w - a book of Minor Magic

   Spells                             Type                      Level
   a - Magic Dart                     Conjuration                  1
   b - Blink                          Translocation                2
   c - Call Imp                       Summoning                    2
   d - Slow                           Hexes                        2
   e - Conjure Flame                  Conjuration/Fire             3
   f - Mephitic Cloud                 Conjuration/Poison/Air       3
 K - a book of Cantrips

   Spells                             Type                      Level
   a - Confusing Touch                Hexes                        1
   b - Animate Skeleton               Necromancy                   1
   c - Summon Small Mammal            Summoning                    1
   d - Apportation                    Translocation                1
 L - a book of Callings

   Spells                             Type                      Level
   a - Summon Small Mammal            Summoning                    1
   b - Call Imp                       Summoning                    2
   c - Call Canine Familiar           Summoning                    3
   d - Summon Guardian Golem          Hexes/Summoning              3
   e - Summon Lightning Spire         Summoning/Air                4
   f - Summon Ice Beast               Ice/Summoning                4


   Skills:
 + Level 6.6 Fighting
 + Level 8.0 Short Blades
 + Level 1.8(4.0) Slings
 - Level 5.6(5.7) Throwing
 + Level 7.6 Dodging
 + Level 12.0 Stealth


You had 9 spell levels left.
You didn't know any spells.

Dungeon Overview and Level Annotations

Branches:
Dungeon (9/15)             Temple (1/1) D:5
   Lair: D:8-11         Orc: D:9-12

Altars:
Ashenzari
Dithmenos
Elyvilon
Fedhas
Gozag
Hepliaklqana
Kikubaaqudgha
Makhleb
Nemelex Xobeh
Okawaru
Qazlal
Ru
Sif Muna
Trog
Uskayaw
Vehumet
Wu Jian
Xom
Yredelemnul
Zin
The Shining One

Annotations:
D:3 ShadedKnight's ghost, amateur TeAE
D:4 cebutris's ghost, novice MiFi
D:6 exclusion: statue
D:7 4 runed doors
D:9 Unforgiven's ghost, novice TrMo


Innate Abilities, Weirdness & Mutations

You have razor-sharp teeth.
You have supernaturally acute eyesight. (SInv)
You can survive without breathing.
You have a pair of small horns on your head.
You possess an exceptional clarity of mind.
Your muscles are strong. (Str +2)


Message History

Press: ? - help, Shift-Dir - straight line, f - yak, p - yak
Aim: a yak (severely wounded, poisoned)
The bolt of acid hits the yak.
The yak is splashed with acid.
The acid corrodes the yak!
You kill the yak!
Your Short Blades skill increases to level 8!
The bolt of acid hits the big kobold.
The big kobold is splashed with acid.
The acid corrodes the big kobold!
You kill the big kobold!
The yak gores your gnoll sergeant! The yak gores you.
* * * LOW HITPOINT WARNING * * *
Your gnoll sergeant hits the yak with a spear.
The kobold barely misses you.
Uskayaw will force your foes to helplessly watch your dance.
You don't have enough magic at the moment.
You barely miss the yak. You headbutt the yak.
The yak is heavily wounded.
The yak gores your gnoll sergeant but does no damage.
The yak gores you!
You die...

#..........#
#..........#
#..........#
##..........#
............#
.........)..#
#.....5.Y...#
#....!.@K†..#
#...........#
#......gY...#####..
#..................
#.........(........
#...........######
#...........#
#.......>...#
...........#


You could see 2 yaks, a kobold, a friendly gnoll sergeant and a friendly crimson
imp.

Vanquished Creatures
  A centaur skeleton (D:7)
  A hippogriff (D:7)
  A wyvern (D:8)
  A hungry ghost (D:7)
  3 yaks (D:9)
  A water moccasin (D:6)
  2 orc warriors
  4 ice beasts
  A phantom (D:5)
  A sky beast (D:7)
  4 ogres
  5 centaurs
  4 big kobolds
  2 bullfrogs
  4 scorpions
  12 killer bees
  A howler monkey (D:7)
  A bullfrog zombie (D:5)
  3 crimson imps
  A centaur zombie (D:7)
  5 orc priests
  4 hounds
  13 orc wizards
  A bullfrog skeleton (D:9)
  3 iguanas
  7 worker ants
  2 hound zombies
  Robin (D:3)
  A worker ant zombie (D:6)
  10 adders
  A gnoll (D:1)
  3 river rats (Sewer)
  4 shadow imps
  2 oozes
  An adder skeleton (D:5)
  An adder zombie (D:5)
  3 worms
  3 dart slugs
  7 leopard geckos
  39 orcs
  9 giant cockroaches
  20 goblins
  10 hobgoblins
  26 kobolds
  6 quokkas
  8 ball pythons
  7 bats
  10 frilled lizards
  A jackal skeleton (D:4)
  2 leopard gecko skeletons
  2 leopard gecko zombies
  27 rats
292 creatures vanquished.

Vanquished Creatures (collateral kills)
  A yak (D:9)
1 creature vanquished.

Vanquished Creatures (others)
  7 plants (D:8)
  4 withered plants (D:8)
11 creatures vanquished.

Grand Total: 304 creatures vanquished

Notes
Turn   | Place    | Note
-------+----------+-------------------------------------------
     0 | D:1      | shitimlost the Vampire Assassin began the quest for the Orb.
     0 | D:1      | Reached XP level 1. HP: 16/16 MP: 1/1
    37 | D:1      | Reached skill level 6 in Stealth
    37 | D:1      | Reached XP level 2. HP: 6/22 MP: 2/2
   685 | D:1      | Reached XP level 3. HP: 21/27 MP: 3/3
  1598 | D:2      | Reached XP level 4. HP: 33/33 MP: 4/4
  2252 | D:2      | Reached XP level 5. HP: 27/39 MP: 5/5
  2668 | D:3      | Reached skill level 7 in Stealth
  4024 | D:3      | Noticed a centaur
  4137 | D:3      | Reached XP level 6. HP: 23/46 MP: 6/6
  4956 | D:3      | Found a stormy altar of Qazlal.
  4958 | D:3      | Noticed a water elemental
  4958 | D:3      | Noticed a fire elemental
  4958 | D:3      | Noticed an air elemental
  4960 | D:3      | Noticed ShadedKnight's ghost (amateur TeAE)
  5864 | D:4      | Noticed Robin
  5885 | D:4      | Noticed cebutris's ghost (novice MiFi)
  5968 | D:3      | Killed Robin
  6392 | D:4      | Found an opulent altar of Gozag.
  6426 | D:4      | Gained mutation: You possess an exceptional clarity of mind. [potion of mutation]
  6426 | D:4      | Gained mutation: You have a pair of small horns on your head. [potion of mutation]
  6426 | D:4      | Gained mutation: Your muscles are strong. (Str +2) [potion of mutation]
  6427 | D:4      | Reached XP level 7. HP: 23/52 MP: 7/7
  6550 | D:4      | Reached skill level 8 in Stealth
  7653 | D:4      | Found a shadowy altar of Dithmenos.
  7935 | D:5      | Entered Level 5 of the Dungeon
  8039 | D:5      | Found a staircase to the Ecumenical Temple.
  8076 | D:5      | Reached skill level 5 in Short Blades
  8108 | D:5      | Reached XP level 8. HP: 60/60 MP: 8/8
  8202 | Temple   | Entered the Ecumenical Temple
  8599 | D:5      | Reached skill level 9 in Stealth
  9736 | D:6      | Reached skill level 5 in Dodging
  9763 | D:6      | Found a deep blue altar of Sif Muna.
  9764 | D:6      | Found a hide-covered altar of Uskayaw.
  9764 | D:6      | Found a shattered altar of Ashenzari.
  9765 | D:6      | Found a sparkling altar of Nemelex Xobeh.
  9798 | D:6      | Became a worshipper of Uskayaw the Reveler
  9886 | D:6      | Reached * piety under Uskayaw
  9892 | D:6      | Reached ** piety under Uskayaw
  9938 | D:6      | Found a glowing drain.
  9956 | Sewer    | Entered a sewer
 10298 | Sewer    | Reached skill level 5 in Fighting
 10452 | Sewer    | Reached skill level 10 in Stealth
 10462 | Sewer    | Reached *** piety under Uskayaw
 10739 | D:6      | Reached XP level 9. HP: 68/68 MP: 9/9
 11052 | D:6      | Found a sacrificial altar of Ru.
 11699 | D:6      | Found a radiant altar of Vehumet.
 12517 | D:7      | Reached skill level 5 in Throwing
 13224 | D:7      | Found a huge runed gate.
 13224 | D:7      | Found a huge runed gate.
 13224 | D:7      | Found a huge runed gate.
 13224 | D:7      | Found a huge runed gate.
 13224 | D:7      | Noticed a death yak
 13224 | D:7      | Noticed a polar bear
 13224 | D:7      | Noticed a polar bear
 13225 | D:7      | Noticed a polar bear
 13226 | D:7      | Noticed a manticore
 13226 | D:7      | Noticed a polar bear
 13227 | D:7      | Noticed a death yak
 13336 | D:7      | Reached skill level 11 in Stealth
 13732 | D:8      | Got an ichor-stained hunting sling
 13878 | D:8      | Found a bloodstained altar of Trog.
 14073 | D:8      | Reached **** piety under Uskayaw
 14074 | D:8      | Reached XP level 10. HP: 66/76 MP: 10/10
 14078 | D:8      | Identified the +4 hunting sling of Conversion {venom, MR+ Str+3} (You found it on level 8 of the Dungeon)
 14349 | D:8      | Found a shimmering altar of Xom.
 14420 | D:8      | Found a blossoming altar of Fedhas.
 14425 | D:8      | Found an ancient bone altar of Kikubaaqudgha.
 15980 | D:8      | Reached skill level 1 in Slings
 16683 | D:9      | Noticed Unforgiven's ghost (novice TrMo)
 17205 | D:9      | Reached skill level 12 in Stealth
 17217 | D:9      | Slain by a yak

Skill      XL: |  1  2  3  4  5  6  7  8  9 10 |
---------------+-------------------------------+-----
Stealth        | 6 7 8 10 11 12 | 12.0
Fighting       | 2 3 4 5 6 |  6.6
Throwing       | 2 3 4 5 |  5.6
Dodging        | 2 3 4 5 7 |  7.6
Short Blades   | 3 4 5 6 7 8 |  8.0
Slings         | 1 |  1.8

Action                   |  1- 3 |  4- 6 |  7- 9 | 10-12 || total
-------------------------+-------+-------+-------+-------++-------
Melee: Dagger            |    60 |   213 |   471 |   110 ||   854
       Bite              |     6 |    20 |    53 |    13 ||    92
       Headbutt          |       |       |    88 |    26 ||   114
 Fire: Blowgun           |       |    23 |    32 |       ||    55
       Hunting sling     |       |       |       |    46 ||    46
Throw: Stone             |       |       |     2 |       ||     2
       Tomahawk          |       |       |     4 |       ||     4
Invok: Line Pass         |       |       |     1 |     2 ||     3
 Abil: End Transformatio |       |     5 |     7 |       ||    12
       Bat Form          |       |     5 |     7 |       ||    12
Evoke: Wand              |       |     2 |     5 |     3 ||    10
  Use: Potion            |     2 |    12 |    15 |    10 ||    39
       Scroll            |       |       |    18 |     7 ||    25
 Stab: Sleeping          |    11 |     7 |    38 |     3 ||    59
       Distracted        |     1 |       |     2 |       ||     3
       Paralysed         |       |       |     5 |     3 ||     8
       Confused          |       |       |     1 |       ||     1
Armor: Robe              |    10 |    39 |     4 |       ||    53
       Leather armour    |       |       |    80 |    20 ||   100
Dodge: Dodged            |    29 |   159 |   238 |    82 ||   508
